IL
ALBUQUERQUE ISOTOPES @ RENO ACES
09/13/2048
 
TOP OF THE 1ST
Albuquerque Isotopes batting - Pitching for Reno Aces : RHP Marcos Tejeda
Pitching: RHP Marcos Tejeda
Batting: LHB Pablo Cardona 0-0: Swinging Strike
0-1: Foul Ball, location: 2F
0-2: Foul Ball, location: 2F
0-2: Ball
1-2: Ball
2-2: Strikes out swinging
Batting: RHB Logan Morgan 0-0: Ball
1-0: Ball
2-0: Ball
3-0: Called Strike
3-1: Base on Balls
Batting: RHB Adrian Rudkilde 0-0: Ball
Logan Morgan steals 2nd base (no throw)
1-0: Ball
2-0: Ball
3-0: Base on Balls
Batting: LHB Chad Persaud 0-0: Ball
1-0: Ball
2-0: Foul Ball, location: 2F
2-1: Ball
3-1: Base on Balls
Logan Morgan to third
Adrian Rudkilde to second
Batting: LHB Gabe Harvey 0-0: Ball
1-0: Ball
2-0: Ball
3-0: Foul Ball, location: 2F
3-1: Base on Balls
Logan Morgan scores
Adrian Rudkilde to third
Chad Persaud to second
Batting: RHB Chris King 0-0: Ball
1-0: Foul Ball, location: 2F
1-1: Swinging Strike
1-2: DOUBLE (Line Drive, 8RXD, EV 111.9 MPH)
Adrian Rudkilde scores
Chad Persaud scores
Gabe Harvey to third
Runner from 3rd tries for Home, SAFE, no throw by CF
Batting: SHB Mitchell Greene 0-0: SINGLE (Groundball, 34S, EV 71.2 MPH) (infield hit)
Chris King to third
Batting: LHB Adam Hill 0-0: Called Strike
Mitchell Greene steals 2nd base
0-1: Ball
1-1: Foul Ball, location: 2F
1-2: Ball
2-2: Ball
3-2: Base on Balls
Batting: RHB Bobby Heagle 0-0: Called Strike
0-1: Ball
1-1: Grounds into double play, 5-4-3 (Groundball, 56, EV 83.1 MPH)
Top of the 1st over - 4 runs, 2 hits, 0 errors, 2 left on base; Albuquerque 4 - Reno 0
BOTTOM OF THE 1ST
Reno Aces batting - Pitching for Albuquerque Isotopes : RHP Tyler Smith
Pitching: RHP Tyler Smith
Batting: RHB Roberto Rodriguez 0-0: Ball
1-0: SINGLE (Groundball, 56D, EV 95.6 MPH)
Batting: LHB Jeff Densmore 0-0: Ball
1-0: Fielders Choice at 2nd, 4-6 (Groundball, 34, EV 82.5 MPH)
Batting: LHB Rich Butler 0-0: Ball
Jeff Densmore steals 2nd, throwing error, E2
Jeff Densmore to third
1-0: Called Strike
1-1: Ground out U3 (Groundball, 3, EV 82.5 MPH)
Batting: RHB Enrique Juarez 0-0: Foul Ball, location: 2F
0-1: Ground out 5-3 (Groundball, 5, EV 78.1 MPH)
Bottom of the 1st over - 0 runs, 1 hit, 1 error, 1 left on base; Albuquerque 4 - Reno 0
TOP OF THE 2ND
Albuquerque Isotopes batting - Pitching for Reno Aces : RHP Marcos Tejeda
Batting: LHB Pablo Cardona 0-0: Ground out 4-3 (Groundball, 4, EV 91.2 MPH)
Batting: RHB Logan Morgan 0-0: Foul Ball, location: 2F
0-1: Ball
1-1: Ball
2-1: Ball
3-1: Foul Ball, location: 2F
3-2: Foul Ball, location: 2F
3-2: Foul Ball, location: 2F
3-2: Ground out 6-3 (Groundball, 6, EV 95.0 MPH)
Batting: RHB Adrian Rudkilde 0-0: Ball
1-0: Swinging Strike
1-1: Ground out 6-3 (Groundball, 6, EV 85.0 MPH)
Top of the 2nd over - 0 runs, 0 hits, 0 errors, 0 left on base; Albuquerque 4 - Reno 0
BOTTOM OF THE 2ND
Reno Aces batting - Pitching for Albuquerque Isotopes : RHP Tyler Smith
Batting: RHB Dustin Clark 0-0: Ball
1-0: Swinging Strike
1-1: Ground out U3 (Groundball, 13, EV 82.5 MPH)
Batting: RHB Danny Gerardo 0-0: Called Strike
0-1: Ball
1-1: Ball
2-1: SINGLE (Groundball, 56D, EV 105.6 MPH)
Batting: RHB Justin Aslinger 0-0: Ball
1-0: Called Strike
1-1: Fielders Choice at 2nd, 5-4 (Groundball, 56, EV 88.8 MPH)
Batting: RHB Jonathan Lugo 0-0: Ball
1-0: Ball
2-0: Ball
3-0: Called Strike
3-1: Base on Balls
Justin Aslinger to second
Batting: LHB Jeff Harmon 0-0: Called Strike
0-1: Ball
1-1: Ball
2-1: Foul Ball, location: 2F
2-2: Ball
3-2: 3-RUN HOME RUN (Flyball, 9D, EV 100.0 MPH), Distance : 404 ft
Batting: RHB Roberto Rodriguez 0-0: Called Strike
0-1: SINGLE (Groundball, 6D, EV 95.0 MPH)
Batting: LHB Jeff Densmore 0-0: Fly out, F8 (Flyball, 8LXD, EV 78.8 MPH)
Bottom of the 2nd over - 3 runs, 3 hits, 0 errors, 1 left on base; Albuquerque 4 - Reno 3
TOP OF THE 3RD
Albuquerque Isotopes batting - Pitching for Reno Aces : RHP Marcos Tejeda
Batting: LHB Chad Persaud 0-0: DOUBLE (Line Drive, 9LM, EV 107.5 MPH)
Batting: LHB Gabe Harvey 0-0: Ground out 4-3 (Groundball, 4, EV 93.1 MPH)
Chad Persaud to third
Batting: RHB Chris King 0-0: Fly out, F9 (Flyball, 9, EV 88.8 MPH)
Batting: SHB Mitchell Greene 0-0: Ball
1-0: Ball
2-0: Foul Ball, location: 2F
2-1: Swinging Strike
2-2: Foul Ball, location: 2F
2-2: Fly out, F9 (Flyball, 9, EV 91.9 MPH)
Top of the 3rd over - 0 runs, 1 hit, 0 errors, 1 left on base; Albuquerque 4 - Reno 3
BOTTOM OF THE 3RD
Reno Aces batting - Pitching for Albuquerque Isotopes : RHP Tyler Smith
Batting: LHB Rich Butler 0-0: Swinging Strike
0-1: Foul Ball, location: 2F
0-2: Ball
1-2: Strikes out swinging, 2-3 out at first.
Batting: RHB Enrique Juarez 0-0: Ball
1-0: Fly out, F7 (Line Drive, 7LM, EV 91.9 MPH)
Batting: RHB Dustin Clark 0-0: Swinging Strike
0-1: Foul Ball, location: 2F
0-2: Foul Ball, location: 2F
0-2: Ball
1-2: Ball
2-2: Strikes out looking
Bottom of the 3rd over - 0 runs, 0 hits, 0 errors, 0 left on base; Albuquerque 4 - Reno 3
TOP OF THE 4TH
Albuquerque Isotopes batting - Pitching for Reno Aces : RHP Marcos Tejeda
Batting: LHB Adam Hill 0-0: Fly out, F7 (Flyball, 78S, EV 73.8 MPH)
Batting: RHB Bobby Heagle 0-0: Ball
1-0: Ball
2-0: SINGLE (Line Drive, 8RS, EV 99.4 MPH)
Batting: LHB Pablo Cardona 0-0: Ball
1-0: Fly out, F6 (Popup, 4MD, EV 68.1 MPH)
Batting: RHB Logan Morgan 0-0: Foul Ball, location: 2F
0-1: Reached on error, E2 (Groundball, 2L, EV 65.0 MPH)
Bobby Heagle to second
Batting: RHB Adrian Rudkilde 0-0: Called Strike
0-1: Fly out, F9 (Line Drive, 89M, EV 94.4 MPH)
Top of the 4th over - 0 runs, 1 hit, 1 error, 2 left on base; Albuquerque 4 - Reno 3
BOTTOM OF THE 4TH
Reno Aces batting - Pitching for Albuquerque Isotopes : RHP Tyler Smith
Batting: RHB Danny Gerardo 0-0: Ball
1-0: Ball
2-0: Called Strike
2-1: Ground out 3-1 (Groundball, 34S, EV 84.4 MPH)
Batting: RHB Justin Aslinger 0-0: Ball
1-0: Called Strike
1-1: Swinging Strike
1-2: Ball
2-2: Ground out 5-3 (Groundball, 5, EV 91.2 MPH)
Batting: RHB Jonathan Lugo 0-0: Called Strike
0-1: Ground out 5-3 (Groundball, 56, EV 105.6 MPH)
Bottom of the 4th over - 0 runs, 0 hits, 0 errors, 0 left on base; Albuquerque 4 - Reno 3
TOP OF THE 5TH
Albuquerque Isotopes batting - Pitching for Reno Aces : RHP Marcos Tejeda
Batting: LHB Chad Persaud 0-0: Called Strike
0-1: Ball
1-1: Ground out 6-3 (Groundball, 6M, EV 86.2 MPH)
Batting: LHB Gabe Harvey 0-0: Ball
1-0: Foul Ball, location: 2F
1-1: Foul Ball, location: 2F
1-2: Ball
2-2: Ball
3-2: Foul Ball, location: 2F
3-2: Foul Ball, location: 2F
3-2: Ground out 4-3 (Groundball, 4, EV 86.2 MPH)
Batting: RHB Chris King 0-0: Called Strike
0-1: Foul Ball, location: 2F
0-2: Foul Ball, location: 2F
0-2: Ball
1-2: Foul Ball, location: 2F
1-2: DOUBLE (Groundball, 5L, EV 104.4 MPH)
Pitching: LHP Tristan Morrow
Batting: SHB Mitchell Greene 0-0: Called Strike
0-1: Ball
1-1: Ball
2-1: Ground out 6-3 (Groundball, 6, EV 85.6 MPH)
Top of the 5th over - 0 runs, 1 hit, 0 errors, 1 left on base; Albuquerque 4 - Reno 3
BOTTOM OF THE 5TH
Reno Aces batting - Pitching for Albuquerque Isotopes : RHP Tyler Smith
Batting: LHB Jeff Harmon 0-0: Ball
1-0: Foul Ball, location: 2F
1-1: Ball
2-1: Ground out 4-3 (Groundball, 4, EV 100.6 MPH)
Batting: RHB Roberto Rodriguez 0-0: Reached via error on a dropped throw from 3B, E3 (Groundball, 56, EV 109.4 MPH)
Batting: LHB Jeff Densmore 0-0: Swinging Strike
0-1: Ball
1-1: Called Strike
Roberto Rodriguez is caught stealing 2nd base 2-6
1-2: Fly out, F7 (Flyball, 7D, EV 88.8 MPH)
Bottom of the 5th over - 0 runs, 0 hits, 1 error, 0 left on base; Albuquerque 4 - Reno 3
TOP OF THE 6TH
Albuquerque Isotopes batting - Pitching for Reno Aces : LHP Tristan Morrow
Batting: LHB Adam Hill 0-0: Called Strike
0-1: Foul Ball, location: 2F
0-2: Strikes out swinging
Batting: RHB Bobby Heagle 0-0: Foul Ball, location: 2F
0-1: Called Strike
0-2: Ball
1-2: Foul Ball, location: 2F
1-2: Ball
2-2: Strikes out swinging
Batting: LHB Pablo Cardona 0-0: Called Strike
0-1: Foul Ball, location: 2F
0-2: Ball
1-2: Foul Ball, location: 2F
1-2: Ball
2-2: Strikes out swinging
Top of the 6th over - 0 runs, 0 hits, 0 errors, 0 left on base; Albuquerque 4 - Reno 3
BOTTOM OF THE 6TH
Reno Aces batting - Pitching for Albuquerque Isotopes : RHP Tyler Smith
Batting: LHB Rich Butler 0-0: Ball
1-0: Ball
2-0: Ball
3-0: Ground out 1-3 (Groundball, 13, EV 72.5 MPH)
Batting: RHB Enrique Juarez 0-0: Called Strike
0-1: Ball
1-1: Ground out 5-3 (Groundball, 15, EV 80.0 MPH)
Batting: RHB Dustin Clark 0-0: Ball
1-0: Called Strike
1-1: Fly out, F8 (Flyball, 8RD, EV 89.4 MPH)
Bottom of the 6th over - 0 runs, 0 hits, 0 errors, 0 left on base; Albuquerque 4 - Reno 3
TOP OF THE 7TH
Albuquerque Isotopes batting - Pitching for Reno Aces : LHP Tristan Morrow
Batting: RHB Logan Morgan 0-0: Ball
1-0: Fly out, F9 (Flyball, 9D, EV 81.2 MPH)
Batting: RHB Adrian Rudkilde 0-0: Swinging Strike
0-1: Ball
1-1: Foul Ball, location: 2F
1-2: Foul Ball, location: 2F
1-2: Foul Ball, location: 2F
1-2: Ground out 6-3 (Groundball, 6S, EV 69.4 MPH)
Batting: LHB Chad Persaud 0-0: Called Strike
0-1: Ground out 6-3 (Groundball, 56, EV 103.8 MPH)
Top of the 7th over - 0 runs, 0 hits, 0 errors, 0 left on base; Albuquerque 4 - Reno 3
BOTTOM OF THE 7TH
Reno Aces batting - Pitching for Albuquerque Isotopes : RHP Tyler Smith
Batting: RHB Danny Gerardo 0-0: Foul Ball, location: 2F
0-1: Foul Ball, location: 2F
0-2: Ball
1-2: Foul Ball, location: 2F
1-2: Fly out, F8 (Line Drive, 8RD, EV 99.4 MPH)
Batting: SHB Gerardo Flores 0-0: Ball
1-0: Foul Ball, location: 2F
1-1: Swinging Strike
1-2: DOUBLE (Line Drive, 89XD, EV 103.8 MPH)
Pinch Hitting: SHB Carlos Rodriguez 0-0: Ball
1-0: Ball
2-0: Ball
3-0: Base on Balls
Batting: LHB Jeff Harmon 0-0: Ball
1-0: Called Strike
1-1: Ball
2-1: Ball
3-1: Swinging Strike
3-2: Base on Balls
Gerardo Flores to third
Carlos Rodriguez to second
Pitching: RHP Jon Turman
Batting: RHB Roberto Rodriguez 0-0: Ball
1-0: Grounds into double play, 5-2-3 (Groundball, 56S, EV 81.9 MPH)
Bottom of the 7th over - 0 runs, 1 hit, 0 errors, 2 left on base; Albuquerque 4 - Reno 3
TOP OF THE 8TH
Albuquerque Isotopes batting - Pitching for Reno Aces : LHP Tristan Morrow
Pitching: LHP Justin Dine
Now at 2B: Edgar Garcia
Batting: LHB Gabe Harvey 0-0: Ball
1-0: Ball
2-0: SINGLE (Line Drive, 56D, EV 110.0 MPH)
Batting: RHB Chris King 0-0: Ball
1-0: Called Strike
1-1: Ball
2-1: Ball
3-1: Base on Balls
Gabe Harvey to second
Batting: SHB Mitchell Greene 0-0: Bunt missed!
0-1: Bunted foul
0-2: Foul Ball, location: 2F
0-2: Fly out, F8 (Flyball, 89M, EV 96.2 MPH)
Batting: LHB Adam Hill 0-0: SINGLE (Line Drive, 34D, EV 103.1 MPH)
Gabe Harvey to third
Chris King to second
Batting: RHB Bobby Heagle 0-0: Ball
1-0: Grounds into double play, 5-2-3 (Groundball, 56, EV 83.1 MPH)
Top of the 8th over - 0 runs, 2 hits, 0 errors, 2 left on base; Albuquerque 4 - Reno 3
BOTTOM OF THE 8TH
Reno Aces batting - Pitching for Albuquerque Isotopes : RHP Jon Turman
Batting: LHB Jeff Densmore 0-0: Ball
1-0: Swinging Strike
1-1: Called Strike
1-2: Ball
2-2: Foul Ball, location: 2F
2-2: Ground out U3 (Groundball, 3, EV 80.0 MPH)
Batting: LHB Rich Butler 0-0: Ball
1-0: Foul Ball, location: 2F
1-1: Foul Ball, location: 2F
1-2: Foul Ball, location: 2F
1-2: Ball
2-2: Strikes out looking
Batting: RHB Enrique Juarez 0-0: Ball
1-0: Ball
2-0: Foul Ball, location: 2F
2-1: Ball
3-1: SINGLE (Groundball, 6MD, EV 98.1 MPH)
Batting: RHB Dustin Clark 0-0: Ball
1-0: Foul Ball, location: 2F
1-1: Called Strike
1-2: Fielders Choice at 2nd, 6-4 (Groundball, 6, EV 80.6 MPH)
Bottom of the 8th over - 0 runs, 1 hit, 0 errors, 1 left on base; Albuquerque 4 - Reno 3
TOP OF THE 9TH
Albuquerque Isotopes batting - Pitching for Reno Aces : LHP Justin Dine
Batting: LHB Pablo Cardona 0-0: Foul Ball, location: 2F
0-1: Called Strike
0-2: Foul Ball, location: 2F
0-2: Ball
1-2: Ball
2-2: Fly out, F7 (Flyball, 78S, EV 76.2 MPH)
Batting: RHB Logan Morgan 0-0: Ball
1-0: Fly out, F8 (Line Drive, 8RD, EV 92.5 MPH)
Batting: RHB Adrian Rudkilde 0-0: Ball
1-0: Ball
2-0: Foul Ball, location: 2F
2-1: Ball
3-1: Foul Ball, location: 2F
3-2: Foul Ball, location: 2F
3-2: Fly out, F9 (Line Drive, 89M, EV 88.1 MPH)
Top of the 9th over - 0 runs, 0 hits, 0 errors, 0 left on base; Albuquerque 4 - Reno 3
BOTTOM OF THE 9TH
Reno Aces batting - Pitching for Albuquerque Isotopes : RHP Jon Turman
Pitching: RHP Curtis Gumbs
Now at 1B: Vinny Estrada
Batting: RHB Danny Gerardo 0-0: Foul Ball, location: 2F
0-1: Foul Ball, location: 2F
0-2: Ground out 4-3 (Groundball, 34, EV 85.6 MPH)
Batting: SHB Gerardo Flores 0-0: Foul Ball, location: 2F
0-1: Ball
1-1: Foul Ball, location: 2F
1-2: Ground out 4-3 (Groundball, 4S, EV 88.1 MPH)
Batting: RHB Edgar Garcia 0-0: Ball
1-0: Ball
2-0: Ball
3-0: Base on Balls
Batting: LHB Jeff Harmon 0-0: Foul Ball, location: 2F
0-1: Swinging Strike
0-2: Ball
Wild Pitch!
Edgar Garcia to second
1-2: Ball
2-2: Foul Ball, location: 2F
2-2: DOUBLE (Line Drive, 7D, EV 95.0 MPH)
Edgar Garcia scores
Batting: RHB Roberto Rodriguez 0-0: Ball
1-0: Called Strike
1-1: Ball
2-1: SINGLE (Groundball, 4MD, EV 103.8 MPH)
Jeff Harmon to third
Runner from 3rd tries for Home, SAFE, throw by CF to home
Bottom of the 9th over - 2 runs, 2 hits, 0 errors, 1 left on base; Albuquerque 4 - Reno 5
Tuesday, March 28th , 2023 - OOTP Baseball 23.10 Build 110